 Dungeon Crawl Stone Soup version 0.25-a0-108-gda8bd6c (webtiles) character file.

Game seed: 6541398914704653910, levelgen mode: deterministic

43532 BoppinsLewinski the Cleaver (level 13, -3/115 HPs)
             Began as a Yellow Draconian Fighter on Nov 18, 2019.
             Was a High Priest of Wu Jian.
             Slain by a dream sheep (9 damage)
             ... on level 6 of the Lair of Beasts.
             The game lasted 00:51:08 (24099 turns).

BoppinsLewinski the Cleaver (DrFi)                 Turns: 24099, Time: 00:51:09

Health: -3/115     AC: 10    Str: 27    XL:     13   Next: 91%
Magic:  17/19      EV: 14    Int:  9    God:    Wu Jian [*****.]
Gold:   773        SH: 20    Dex: 12    Spells: 12/12 levels left

rFire    . . .     SeeInvis .   x - +3 hand axe (flame)
rCold    . . .     Gourm    .   B - +2 large shield
rNeg     . . .     Faith    .   (armour unavailable)
rPois    +         Spirit   .   (helmet restricted)
rElec    .         Reflect  .   z - scarf {repulsion}
rCorr    +         Harm     .   E - +0 pair of gloves
MR       .....                  h - +0 pair of boots
Stlth    +.........             (no amulet)
HPRegen  0.29/turn              s - +3 ring of strength
MPRegen  0.16/turn              i - ring of poison resistance

@: short of breath, repel missiles
A: spit acid, unfitting armour, strong 1, cold-blooded, MP-powered wands, acid
resistance, AC +8
a: Breathe Acid, Wall Jump, Serpent's Lash, Heavenly Storm, Renounce Religion


You were on level 6 of the Lair of Beasts.
You worshipped Wu Jian.
Wu Jian was extremely pleased with you.
You were not hungry.

You visited 2 branches of the dungeon, and saw 18 of its levels.
You also visited: Sewer.

You collected 1109 gold pieces.
You spent 336 gold pieces at shops.

Inventory:

Hand Weapons
 r - a +0 hunting sling
 x - a +3 hand axe of flaming (weapon)
Missiles
 c - 567 stones (quivered)
 j - 138 sling bullets
Armour
 h - a +0 pair of boots (worn)
 z - a scarf of repulsion (worn)
 B - a +2 large shield (worn)
 E - a +0 pair of gloves (worn)
Jewellery
 b - a +3 ring of evasion
 i - a ring of poison resistance (right hand)
 s - a +3 ring of strength (left hand)
Wands
 p - a wand of iceblast (5)
 u - a wand of polymorph (5)
 G - a wand of disintegration (14)
 H - a wand of paralysis (1)
Scrolls
 a - a scroll of brand weapon
 e - 4 scrolls of remove curse
 f - a scroll of fear
 k - 12 scrolls of teleportation
 n - 3 scrolls of holy word
 v - 5 scrolls of blinking
 w - 4 scrolls of fog
 y - a scroll of summoning {unknown}
Potions
 g - a potion of haste
 l - 4 potions of mutation
 m - 2 potions of magic
 o - a potion of might
 q - 6 potions of curing
 t - 2 potions of agility
 A - a potion of flight {unknown}
 C - 2 potions of cancellation
 F - a potion of brilliance {unknown}
Comestibles
 d - 23 rations
 D - 27 chunks of flesh


   Skills:
 + Level 10.9 Fighting
 * Level 13.2 Axes
 + Level 8.4 Slings
 + Level 9.3 Dodging
 + Level 10.1 Shields
 + Level 8.3 Evocations


You had 12 spell levels left.
You didn't know any spells.
Your spell library contained the following spells:

 Spells                   Type           Power        Failure   Level  Hunger
 Magic Dart               Conj           #...         95%         1    ##.....
 Summon Butterflies       Summ           #.......     95%         1    ##.....
 Blink                    Tloc           N/A          99%         2    ###....
 Call Imp                 Summ           #.......     99%         2    ###....
 Slow                     Hex            #.......     99%         2    ###....
 Call Canine Familiar     Summ           #.......     100%        3    ####...
 Conjure Flame            Conj/Fire      #.......     100%        3    ####...
 Mephitic Cloud           Conj/Pois/Air  #.......     100%        3    ####...
 Summon Ice Beast         Ice/Summ       #.......     100%        4    #####..
 Summon Lightning Spire   Summ/Air       #.......     100%        4    #####..
 Bolt of Magma            Conj/Fire/Erth #.........   100%        5    ######.
 Iskenderun's Battlesphe  Conj/Chrm      #.......     100%        5    ######.
 Silence                  Hex/Air        #.........   100%        5    ######.
 Summon Mana Viper        Hex/Summ       #.......     100%        5    ######.
 Venom Bolt               Conj/Pois      #.........   100%        5    ######.
 Conjure Ball Lightning   Conj/Air       #.........   100%        6    #######
 Deflect Missiles         Chrm/Air       #.........   100%        6    #######
 Iron Shot                Conj/Erth      #.........   100%        6    #######
 Orb of Destruction       Conj           #.........   100%        7    #######
 Spellforged Servitor     Conj/Summ      #.........   100%        7    #######
 Summon Hydra             Summ           #.........   100%        7    #######
 Tornado                  Air            #.........   100%        9    #######


Dungeon Overview and Level Annotations

Branches:
Dungeon (12/15)            Temple (0/1) D:6            Lair (6/6) D:9
  Swamp (0/4) Lair:3        Snake (0/4) Lair:2        Slime (0/5) Lair:5
    Orc (0/2) D:12          Sewer (visited)

Altars:
Cheibriados
Dithmenos
Fedhas
Gozag
Hepliaklqana
Kikubaaqudgha
Okawaru
Qazlal
Ru
Sif Muna
Trog
Uskayaw
Vehumet
Wu Jian
Yredelemnul
Zin
Jiyva

Shops:
D:4 [   D:6 *   D:7 (

Annotations:
D:4 3 runed translucent doors, Th3D0ct0rWh0's ghost, amateur DsBe
Lair:5 2 transporters


Innate Abilities, Weirdness & Mutations

You can spit globs of acid.
Your golden yellow scales are hard. (AC +8)
You cannot fit into any form of body armour.
You are cold-blooded and may be slowed by cold attacks.
You are resistant to acid. (rCorr)
Your muscles are strong. (Str +2)
You expend magic power (3 MP) to strengthen your wands.


Message History

Ye lunge at tha dream sheep.
Ye hit tha dream sheep.
Ye burn tha dream sheep.
Ye tail-slap tha dream sheep.
Ye kill tha dream sheep!
Tha Council accepts yer kill.
Ye spin an' attack tha dream sheep repeatedly.
Ye hit tha dream sheep.
Ye burn tha dream sheep.
Tha dream sheep be almost dead.
Ye hit tha dream sheep.
Ye burn tha dream sheep.
Ye kill tha dream sheep!
Tha Council accepts yer kill.
Ye spin an' attack tha dream sheep.
Ye hit tha dream sheep but do nay damage.
Tha dream sheep be severely wounded.
Tha dream sheep ruffle thar wool an' motes o' dream dust sparkle, ta nay effect.
Tha dream sheep shake thar wool an' sparkle.
Ye feel drowsy...
Ye fall asleep.
Tha dream sheep closely misses ye.
Tha dream sheep bites ye!!
Ye wake up.
* * * LOW HITPOINT WARNIN'
* * * Tha dream sheep bites ye!
Ye die...

********* ##### ***,**,,.,**
#####...######*# *,,,,,,,..,*
#####.........##..##
,,,,,,,,...###...................
,,,,,,,,.........................
,,,,,,,,..........%..............
,,,,,,,,........@†...............
,,,,,,,,.......YYY...........##.#
,,,,,,,,.............#....##....P
,,,,,,,,...%...†.††..#....##.....
,,,,,,,,.....................#...
,,,,,,,,.........................
,,,,,,,,....................##...
,,,***,,............#..P...####..
,,***,,,,..........#.......P*##..


You could see 3 dream sheep.

Vanquished Creatures
  A dire elephant (Lair:6)
  4 hydras
  Erica (D:8)
  A merfolk avatar (Lair:6)
  3 two-headed ogres (D:9)
  A sea snake (Lair:6)
  Pikel (D:7)
  2 oklob plants
  A manticore (Lair:6)
  Joseph (D:8)
  Maurice (D:8)
  13 elephants
  4 black mambas
  12 spiny frogs
  A centaur zombie (D:12)
  6 rime drakes
  9 komodo dragons
  2 polar bears (Lair:6)
  3 wind drakes (Lair:6)
  A hornet (Lair:5)
  5 blink frogs (Lair:6)
  Prince Ribbit (D:7)
  5 slime creatures (D:9)
  13 dream sheep
  5 hippogriffs
  27 yaks
  4 wyverns (Lair:6)
  8 basilisks
  Menkaure (D:5)
  Duvessa (D:6)
  6 porcupines
  14 water moccasins
  An ice beast (D:8)
  A sky beast (D:7)
  6 ogres
  2 orc warriors
  A phantom (D:9)
  A necrophage (D:9)
  13 wolves
  3 centaurs
  17 crocodiles
  18 bullfrogs
  Dowan (D:6)
  3 scorpions
  An electric eel (D:6)
  3 crimson imps
  A quasit (D:8)
  3 bullfrog skeletons
  2 centaur skeletons
  6 jellies
  6 orc wizards
  2 orc priests
  4 hounds
  An iguana (D:9)
  11 worker ants
  A hound zombie (D:9)
  A hound skeleton (D:5)
  A howler monkey zombie (D:5)
  8 gnolls
  2 howler monkey skeletons
  7 river rats
  12 adders
  3 shadow imps
  7 oozes
  2 adder skeletons
  3 worms
  7 leopard geckos
  23 orcs
  10 giant cockroaches
  6 goblins
  3 hobgoblins
  8 jackals
  6 kobolds
  6 quokkas
  15 ball pythons (Sewer)
  7 bats
  6 frilled lizards
  34 rats
  5 plants
448 creatures vanquished.

Vanquished Creatures (others)
  3 slaves (D:7)
  A phantom (D:7)
  A leopard gecko (D:7)
  An orc (D:7)
  A leopard gecko skeleton (D:7)
  25 fungi
  21 plants
53 creatures vanquished.

Grand Total: 501 creatures vanquished

Notes
Turn   | Place    | Note
-------+----------+-------------------------------------------
     0 | D:1      | BoppinsLewinski the Draconian Fighter began the quest for
                  | the Orb.
     0 | D:1      | Reached XP level 1. HP: 19/19 MP: 1/1
   215 | D:1      | Reached XP level 2. HP: 26/26 MP: 2/2
   633 | D:1      | Reached XP level 3. HP: 29/31 MP: 3/3
   819 | D:2      | Reached skill level 3 in Axes
   853 | D:2      | Reached XP level 4. HP: 18/40 MP: 4/4
  1372 | D:2      | Found a hide-covered altar of Uskayaw.
  1765 | D:2      | Found a radiant altar of Vehumet.
  2056 | D:3      | Reached XP level 5. HP: 46/46 MP: 5/5
  3634 | D:4      | Reached skill level 4 in Axes
  3791 | D:4      | Reached XP level 6. HP: 17/53 MP: 6/6
  4860 | D:4      | Reached skill level 1 in Slings
  4977 | D:4      | Found a stormy altar of Qazlal.
  4984 | D:4      | Found a runed translucent gate.
  4984 | D:4      | Found a runed translucent gate.
  4994 | D:4      | Found a runed translucent gate.
  5293 | D:4      | Noticed Th3D0ct0rWh0's ghost (amateur DsBe)
  5432 | D:4      | Found a basalt altar of Yredelemnul.
  5637 | D:4      | Found Dovuraaly's Antique Armour Shop.
  5711 | D:4      | Your scales start taking on a golden yellow colour.
  5711 | D:4      | Reached XP level 7. HP: 48/60 MP: 7/7
  5711 | D:4      | Gained mutation: You are resistant to acid. (rCorr) [Yellow
                  | Draconian growth]
  6458 | D:5      | Entered Level 5 of the Dungeon
  6578 | D:5      | Noticed a hippogriff
  6595 | D:5      | Killed a hippogriff
  6595 | D:5      | Reached skill level 5 in Axes
  7105 | D:5      | Noticed Menkaure
  7112 | D:5      | Killed Menkaure
  7112 | D:5      | Reached skill level 5 in Fighting
  7250 | D:5      | Found a bloodstained altar of Trog.
  7439 | D:5      | Found a snail-covered altar of Cheibriados.
  7500 | D:5      | Found an ornate altar of the Wu Jian Council.
  7508 | D:5      | Became a worshipper of the Wu Jian Council
  7761 | D:6      | Noticed Duvessa
  7761 | D:6      | Noticed Dowan
  7774 | D:6      | Killed Duvessa
  7774 | D:6      | Reached skill level 6 in Axes
  7774 | D:6      | Reached skill level 5 in Shields
  7774 | D:6      | Reached XP level 8. HP: 69/69 MP: 8/8
  7777 | D:6      | Killed Dowan
  7857 | D:6      | Found Duimel's General Store.
  7903 | D:6      | Found a glowing drain.
  7913 | Sewer    | Entered a sewer
  8199 | Sewer    | Reached * piety under Wu Jian
  8911 | D:6      | Reached ** piety under Wu Jian
  9016 | D:6      | Reached skill level 1 in Evocations
  9103 | D:6      | Reached skill level 5 in Dodging
  9132 | D:6      | Found a shadowy altar of Dithmenos.
  9181 | D:6      | Reached skill level 7 in Axes
  9509 | D:6      | Found a staircase to the Ecumenical Temple.
  9523 | D:6      | Reached XP level 9. HP: 70/75 MP: 10/10
  9874 | D:7      | Noticed Pikel
  9910 | D:7      | Killed Pikel
  9991 | D:7      | Noticed Prince Ribbit
 10013 | D:7      | Killed Prince Ribbit
 10074 | D:7      | Reached skill level 8 in Axes
 10174 | D:7      | Found Gorigy's Weapon Boutique.
 10635 | D:7      | Found a stormy altar of Qazlal.
 11322 | D:8      | Noticed Maurice
 11325 | D:8      | Reached XP level 10. HP: 71/86 MP: 12/12
 11331 | D:8      | Killed Maurice
 11336 | D:8      | Reached *** piety under Wu Jian
 11494 | D:8      | Noticed Erica
 11511 | D:8      | Killed Erica
 11690 | D:8      | Reached skill level 9 in Axes
 11871 | D:8      | Noticed Joseph
 11886 | D:8      | Killed Joseph
 11886 | D:8      | Reached skill level 5 in Slings
 11950 | D:9      | Noticed a two-headed ogre
 11962 | D:9      | Killed a two-headed ogre
 12075 | D:9      | Found an opulent altar of Gozag.
 12077 | D:9      | Noticed a two-headed ogre
 12095 | D:9      | Killed a two-headed ogre
 12379 | D:9      | Found a sacrificial altar of Ru.
 12402 | D:9      | Found an iron altar of Okawaru.
 12411 | D:9      | Found a blossoming altar of Fedhas.
 12446 | D:9      | Found a staircase to the Lair.
 12562 | D:9      | You fall into a shaft and drop 3 floors!
 12612 | D:11     | Noticed a four-headed hydra
 12636 | D:10     | Entered Level 10 of the Dungeon
 12650 | D:9      | Reached XP level 11. HP: 43/94 MP: 14/14
 12661 | D:9      | HP: 3/94 [slime creature (18)]
 13066 | D:9      | Reached skill level 10 in Axes
 13066 | D:9      | Reached skill level 5 in Evocations
 13254 | D:9      | Noticed a two-headed ogre
 13274 | D:9      | Killed a two-headed ogre
 13600 | D:9      | Found an ancient bone altar of Kikubaaqudgha.
 13621 | D:9      | Found a shimmering blue altar of Sif Muna.
 13732 | D:9      | Reached **** piety under Wu Jian
 13754 | D:9      | Found a glowing silver altar of Zin.
 13881 | D:7      | Bought a +3 hand axe of flaming for 336 gold pieces
 13937 | Lair:1   | Entered Level 1 of the Lair of Beasts
 13937 | Lair:1   | Noticed a four-headed hydra
 13942 | Lair:1   | Killed a four-headed hydra
 14918 | Lair:1   | Gained mutation: Your muscles are strong. (Str +2) [potion
                  | of mutation]
 14918 | Lair:1   | Gained mutation: You expend magic power (3 MP) to
                  | strengthen your wands. [potion of mutation]
 14928 | Lair:2   | Found a staircase to the Snake Pit.
 15216 | Lair:2   | Found a hazy altar of Hepliaklqana.
 15216 | Lair:2   | Noticed an oklob plant
 15233 | Lair:2   | Killed an oklob plant
 15861 | Lair:2   | Reached skill level 11 in Axes
 15870 | Lair:2   | Reached XP level 12. HP: 50/104 MP: 12/16
 16471 | Lair:3   | Noticed an eight-headed hydra
 16473 | Lair:3   | Noticed a six-headed hydra
 16926 | Lair:3   | Killed a five-headed hydra
 17521 | Lair:3   | Killed a one-headed hydra
 18919 | Lair:3   | Found a staircase to the Swamp.
 20084 | Lair:5   | Reached skill level 12 in Axes
 20098 | Lair:5   | Identified the cursed +0 demon trident of the Lurker {vamp,
                  | Fragile rF+ rC+++ SInv}
 20104 | Lair:5   | Identified the +5 spear of Ruination {venom, *Corrode Str+9
                  | Dex-5 Stlth+}
 20392 | Lair:5   | Found a transporter.
 20417 | Lair:5   | Reached ***** piety under Wu Jian
 20465 | Lair:5   | Reached skill level 10 in Fighting
 20966 | Lair:5   | Found a transporter.
 21013 | Lair:5   | Noticed a four-headed hydra
 21022 | Lair:5   | Killed a one-headed hydra
 21022 | Lair:5   | Reached XP level 13. HP: 113/113 MP: 12/18
 21255 | Lair:5   | Identified the cursed +2 rapier "Goet Kag" {drain, MR++
                  | Str+8}
 21261 | Lair:5   | Found a bloodstained altar of Trog.
 21279 | Lair:5   | Found a viscous altar of Jiyva.
 21279 | Lair:5   | Found a staircase to the Slime Pits.
 21451 | Lair:6   | Entered Level 6 of the Lair of Beasts
 22912 | Lair:6   | Noticed a dire elephant
 22952 | Lair:6   | Killed a dire elephant
 23434 | Lair:6   | Reached skill level 13 in Axes
 23579 | Lair:6   | Reached skill level 10 in Shields
 24099 | Lair:6   | Slain by a dream sheep

Levels and vault maps discovered:
D:1:      scummos_arrival_simple_crosswalls, layout_rooms, minmay_misc_feat_rows
D:2:      layout_loops_ring, vehumet_crystals, nicolae_overflow_crystal_walls,
          kennysheep_generic_room_4
D:3:      layout_basic, first_ration
D:4:      layout_layer_cave, lemuel_doored_altar,
          nicolae_qazlal_general_emergency, serial_shops, nicolae_shop_stone,
          gammafunk_ghost_split
D:5:      layout_loops_ring, kennysheep_little_box, overflow_temple_1_default,
          bloody_trog, minmay_holes, roderic_lattice_a, uniq_menkaure
D:6:      layout_basic, overflow_temple_1_default,
          minmay_temple_entry_sparse_star, gup_sewer_entry_bubbles,
          serial_shops, nicolae_shop_temple_entry_statues_fountains,
          minivault_4, uniq_duvessa
D:7:      layout_cave_pools, serial_shops, nicolae_shop_window_shopping,
          basic_altar, serial_bayou_crossing, uniq_pikel, uniq_prince_ribbit1
D:8:      layout_rooms, uniq_maurice, uniq_erica, uniq_joseph
D:9:      layout_basic, marbit_many_paths, nicolae_overflow_quartered_altars,
          dpeg_oklobed_lair, basic_altar, hangedman_little_slice_of_home,
          led_sif_book
D:10:     layout_rooms
D:11:     layout_long_grid, enter_bailey_3, portal_ice_cave_entry_pillars_1,
          elyvilon_altar_3, uniq_erolcha
D:12:     layout_loops_ring, david_orc_1_choice
Lair:1:   layout_chaotic_city, chequers_serial_rivers_large_b
Lair:2:   layout_cave_shapes, dummy_snake_entry, lemuel_oklob_altar,
          infiniplex_staircase_pool_2
Lair:3:   layout_cave_pods, palyth_hydra_swamp_entry, serial_bayou_shore_b,
          grunt_megastairs_2
Lair:4:   layout_big_grid
Lair:5:   layout_regular_city, dpeg_slime_entry_enclosed_altar,
          gammafunk_ghost_wrathful_warriors, kennysheep_basilisk_garden
Lair:6:   gammafunk_lair_ancient_temple, layout_gridlike

Skill      XL: |  1  2  3  4  5  6  7  8  9 10 11 12 13 |
---------------+----------------------------------------+-----
Dodging        | 3 4 5 6 7 8 9 |  9.3
Axes           | 3 4 6 7 8 9 11 12 13 | 13.2
Fighting       | 4 5 6 7 8 9 10 | 10.9
Shields        | 4 5 6 7 8 9 10 | 10.1
Slings         | 1 2 3 4 5 6 7 8 |  8.4
Evocations     | 1 3 4 6 7 8 |  8.3

Action                   |  1- 3 |  4- 6 |  7- 9 | 10-12 | 13-15 || total
-------------------------+-------+-------+-------+-------+-------++-------
Melee: War axe           |    78 |   121 |   330 |   206 |       ||   735
       Tailslap          |     4 |    14 |    42 |   164 |    77 ||   301
       Hunting sling     |       |     3 |       |       |       ||     3
       Hand axe          |       |       |       |   562 |   415 ||   977
 Fire: Hunting sling     |       |   147 |    72 |    52 |    30 ||   301
Invok: Whirlwind         |       |       |    25 |    79 |    78 ||   182
       Lunge             |       |       |    11 |    19 |    14 ||    44
       Serpent's Lash    |       |       |       |     5 |     1 ||     6
 Abil: Breathe Acid      |       |       |     9 |     6 |     5 ||    20
       Wall Jump         |       |       |     1 |       |       ||     1
Evoke: Wand              |       |       |     4 |    21 |     9 ||    34
  Use: Scroll            |       |    10 |     9 |    11 |     2 ||    32
       Potion            |       |     6 |     4 |    12 |     5 ||    27
 Stab: Invisible         |       |       |     3 |     1 |       ||     4
       Sleeping          |       |       |       |     3 |       ||     3
       Paralysed         |       |       |       |     3 |     9 ||    12
  Eat: Chunk             |       |     8 |    12 |    21 |    11 ||    52
       Ration            |       |     2 |     2 |     4 |       ||     8
Armor: Skin              |    18 |    81 |   103 |    84 |    35 ||   321
Dodge: Dodged            |    23 |    97 |   201 |   200 |    89 ||   610
       Deflected         |       |       |       |     3 |     2 ||     5
Block: Shield            |    44 |   117 |   265 |     7 |       ||   433
       Large shield      |       |       |       |   528 |   259 ||   787

Table legend:
 A = Non-vault XP
 B = Vault XP
 C = Vault XP percentage of total XP
 D = Non-vault monster count
 E = Vault monster count
 F = Vault count percentage of total count
                 A         B        C        D         E       F
            +---------+---------+-------+---------+---------+-------
      Total |   44728 |   17461 |  28.1 |     329 |     115 |  25.9
            +---------+---------+-------+---------+---------+-------
        D:1 |      41 |       0 |   0.0 |      25 |       0 |   0.0
        D:2 |     150 |       3 |   2.0 |      24 |       2 |   7.7
        D:3 |      82 |       0 |   0.0 |      20 |       0 |   0.0
        D:4 |     487 |       0 |   0.0 |      21 |       0 |   0.0
        D:5 |     482 |     172 |  26.3 |      12 |       1 |   7.7
        D:6 |     812 |     250 |  23.5 |      18 |      10 |  35.7
        D:7 |    1114 |     824 |  42.5 |      19 |       2 |   9.5
        D:8 |    1212 |    1822 |  60.1 |      20 |       3 |  13.0
        D:9 |    5046 |     250 |   4.7 |      29 |      11 |  27.5
       D:12 |     500 |       0 |   0.0 |       2 |       0 |   0.0
     Lair:1 |    3125 |       0 |   0.0 |      11 |       0 |   0.0
     Lair:2 |    6067 |     580 |   8.7 |      27 |       1 |   3.6
     Lair:3 |    3215 |    2567 |  44.4 |      15 |       5 |  25.0
     Lair:4 |    3684 |       0 |   0.0 |      16 |       0 |   0.0
     Lair:5 |    7355 |    1392 |  15.9 |      29 |       7 |  19.4
     Lair:6 |   11356 |    9266 |  44.9 |      41 |      25 |  37.9
      Sewer |       0 |     335 | 100.0 |       0 |      48 | 100.0
            +---------+---------+-------+---------+---------+-------
